[Event "28th Hit Open-A 2024"]
[Site "Nova Gorica"]
[Date "2024.01.27"]
[Round "2.15"]
[White "Kukushkin, Ivan"]
[Black "Siraj, Svit"]
[Result "1/2-1/2"]
[ECO "C30"]
[WhiteElo "1890"]
[BlackElo "2182"]
[Annotator "NA RC"]
[PlyCount "47"]
[EventDate "2024.01.22"]
[EventType "swiss"]
[EventCountry "SLO"]
[SourceTitle "playchess.com"]
[Source "ChessBase"]
[SourceQuality "1"]
[TimeControl "5400+30"]

1. e4 e5 2. Nc3 Nf6 3. Bc4 Bc5 4. d3 Nc6 5. f4 d6 6. Nf3 Ng4 7. Ng5 h6 8. Bxf7+ Kf8 9. Be6 hxg5 10. Bxg4 gxf4 11. g3 fxg3 12. Qf3+ Kg8 13. Bxc8 Bf2+ 14. Kf1 Rxc8 15. hxg3 Rxh1+ 16. Qxh1 Bxg3 17. Kg2 Bh4 18. Qh3 Nd4 19. Bd2 Bg5 20. Nd5 Rb8 21. Rh1 Bxd2 22. Qh7+ Kf7 23. Qh5+ Kg8 24. Qh7+ 1/2-1/2

[Event "28th Hit Open-A 2024"]
[Site "Nova Gorica"]
[Date "2024.01.27"]
[Round "2.16"]
[White "Marchesich, Giovanni"]
[Black "Veselic, Maks"]
[Result "1-0"]
[ECO "C77"]
[WhiteElo "2210"]
[BlackElo "1874"]
[Annotator "NA RC"]
[PlyCount "85"]
[EventDate "2024.01.22"]
[EventType "swiss"]
[EventCountry "SLO"]
[SourceTitle "playchess.com"]
[Source "ChessBase"]
[SourceQuality "1"]
[TimeControl "5400+30"]

1. e4 e5 2. Nf3 Nc6 3. Bb5 a6 4. Ba4 Nf6 5. O-O Be7 6. d3 b5 7. Bb3 d6 8. a3 O-O 9. Nc3 Na5 10. Ba2 c5 11. b4 cxb4 12. axb4 Nc6 13. Nd5 Nxd5 14. Bxd5 Bb7 15. c4 Qd7 16. Qb3 Na7 17. c5 dxc5 18. Nxe5 Bxd5 19. Nxd7 Bxb3 20. Nxf8 Rxf8 21. Rxa6 Nc8 22. bxc5 Bxc5 23. Bb2 Rd8 24. Rc1 Bb6 25. Rc6 h6 26. Kf1 Be6 27. Ke2 Bd4 28. Bxd4 Rxd4 29. Ra8 Rd8 30. Rb8 Re8 31. Rc5 f5 32. f3 fxe4 33. fxe4 Kf7 34. Rcxb5 Nd6 35. R5b6 Rxb8 36. Rxb8 Kf6 37. Ke3 Nf7 38. d4 Bc4 39. Rb4 Bf1 40. Rb2 Bc4 41. Rf2+ Ke7 42. d5 Nd6 43. Kd4 1-0

[Event "28th Hit Open-A 2024"]
[Site "Nova Gorica"]
[Date "2024.01.27"]
[Round "2.17"]
[White "Budai, Federico"]
[Black "Caruso, Augusto"]
[Result "0-1"]
[ECO "C04"]
[WhiteElo "1861"]
[BlackElo "2159"]
[Annotator "NA RC"]
[PlyCount "65"]
[EventDate "2024.01.22"]
[EventType "swiss"]
[EventCountry "SLO"]
[SourceTitle "playchess.com"]
[Source "ChessBase"]
[SourceQuality "1"]
[TimeControl "5400+30"]

1. e4 e6 2. d4 d5 3. Nd2 Nc6 4. c3 e5 5. dxe5 dxe4 6. Qa4 Qe7 7. Qxe4 Nxe5 8. Nc4 Ng6 9. Qxe7+ Bxe7 10. Nf3 Nf6 11. Be2 Nd5 12. Ne3 Ndf4 13. Bf1 Bd7 14. Nd4 Ne5 15. g3 Nfd3+ 16. Bxd3 Nxd3+ 17. Ke2 Nc5 18. Nd5 Bd6 19. b3 O-O-O 20. Be3 Rhe8 21. Rhe1 c6 22. Nf4 Bxf4 23. gxf4 Ne4 24. Kf3 c5 25. Ne2 Bc6 26. Kg4 f5+ 27. Kh3 Re6 28. f3 Nd2 29. Ng1 Bxf3 30. Bxd2 Bg4+ 31. Kg3 Rd3+ 32. Be3 Rexe3+ 33. Rxe3 0-1

[Event "28th Hit Open-A 2024"]
[Site "Nova Gorica"]
[Date "2024.01.27"]
[Round "2.18"]
[White "Centrih, Aleks"]
[Black "Pagnutti, Lorenzo"]
[Result "1-0"]
[ECO "C55"]
[WhiteElo "2082"]
[BlackElo "1859"]
[Annotator "NA RC"]
[PlyCount "77"]
[EventDate "2024.01.22"]
[EventType "swiss"]
[EventCountry "SLO"]
[SourceTitle "playchess.com"]
[Source "ChessBase"]
[SourceQuality "1"]
[TimeControl "5400+30"]

1. e4 e5 2. Nf3 Nc6 3. Bc4 Nf6 4. d3 Be7 5. O-O d6 6. a4 O-O 7. Re1 Be6 8. Nbd2 h6 9. c3 Bxc4 10. Nxc4 a5 11. Qb3 Qd7 12. Ne3 Rfb8 13. Qb5 Qc8 14. Nd5 Qd8 15. h3 Bf8 16. d4 exd4 17. Nxd4 Nxd4 18. cxd4 c6 19. Nxf6+ Qxf6 20. Qd3 Qg6 21. d5 Re8 22. Bd2 Re5 23. dxc6 bxc6 24. Bc3 Rg5 25. Qf3 Re8 26. Rad1 Qe6 27. Rd3 Qd7 28. Qd1 Qc7 29. f4 Rc5 30. Rg3 d5 31. Bxg7 Bxg7 32. Qd4 f6 33. Qxc5 dxe4 34. Qf5 Qa7+ 35. Ree3 Qd4 36. Kh2 c5 37. Rb3 Kh8 38. Rb7 Rg8 39. Rg6 1-0

[Event "28th Hit Open-A 2024"]
[Site "Nova Gorica"]
[Date "2024.01.27"]
[Round "2.19"]
[White "Tonel, Giulia"]
[Black "Hrescak, Ivana"]
[Result "0-1"]
[ECO "B08"]
[WhiteElo "1851"]
[BlackElo "2117"]
[Annotator "NA RC"]
[PlyCount "118"]
[EventDate "2024.01.22"]
[EventType "swiss"]
[EventCountry "SLO"]
[SourceTitle "playchess.com"]
[Source "ChessBase"]
[SourceQuality "1"]
[TimeControl "5400+30"]

1. e4 d6 2. d4 g6 3. Nc3 a6 4. a4 Bg7 5. Be3 Nd7 6. Nf3 Ngf6 7. h3 O-O 8. Be2 e5 9. dxe5 dxe5 10. O-O h6 11. Qc1 Kh7 12. b4 b6 13. Rd1 Qe7 14. Qa3 Re8 15. Nd2 Bb7 16. Bc4 Bf8 17. Qb3 Kg8 18. Rab1 Rec8 19. f3 Qe8 20. Nf1 a5 21. b5 Nc5 22. Qa2 Rd8 23. Kf2 Rab8 24. Rd2 Rxd2+ 25. Nxd2 Rd8 26. Rd1 Bc8 27. Nb3 Rxd1 28. Nxd1 Ne6 29. c3 Qe7 30. g3 Nd8 31. h4 Nb7 32. Ke2 Nd6 33. Nd2 Nh5 34. Bf2 Qd7 35. Ne3 Ng7 36. Nd5 Qd8 37. Be3 Ne6 38. Bb3 Kh7 39. Nf1 Nb7 40. Qd2 Nbc5 41. Bc2 Bb7 42. Nh2 h5 43. Nf1 c6 44. bxc6 Bxc6 45. Qd1 Bg7 46. Bf2 b5 47. axb5 Bxb5+ 48. Ke1 a4 49. Nfe3 Qa5 50. f4 exf4 51. gxf4 Nxf4 52. Bg3 Nfd3+ 53. Bxd3 Nxd3+ 54. Kd2 a3 55. Qf3 Qa7 56. Bc7 Ne5 57. Qf2 a2 58. Bxe5 Bxe5 59. Nf6+ Bxf6 0-1

[Event "28th Hit Open-A 2024"]
[Site "Nova Gorica"]
[Date "2024.01.27"]
[Round "2.20"]
[White "Budai, Leonardo"]
[Black "Mestek, Igor"]
[Result "1-0"]
[ECO "B28"]
[WhiteElo "1847"]
[BlackElo "2080"]
[Annotator "NA RC"]
[PlyCount "83"]
[EventDate "2024.01.22"]
[EventType "swiss"]
[EventCountry "SLO"]
[SourceTitle "playchess.com"]
[Source "ChessBase"]
[SourceQuality "1"]
[TimeControl "5400+30"]

1. e4 c5 2. Nf3 a6 3. c4 Nc6 4. Nc3 d6 5. d3 g6 6. Be3 Bg7 7. Be2 e5 8. O-O Rb8 9. a4 Nge7 10. Qd2 h6 11. Ne1 Nd4 12. Bd1 g5 13. a5 O-O 14. h4 f6 15. Nd5 Ng6 16. h5 Nf4 17. Bxd4 cxd4 18. g4 Ne6 19. Nb6 Bd7 20. Nc2 Nc5 21. Nb4 Bc6 22. f3 Rf7 23. Bc2 Bf8 24. Rfc1 Kg7 25. N4d5 Ne6 26. Ba4 Nc5 27. Bc2 Nd7 28. b4 Nxb6 29. Nxb6 Qe8 30. Ba4 Be7 31. Bxc6 Qxc6 32. Qb2 f5 33. b5 Qe8 34. exf5 e4 35. fxe4 Bf6 36. Nd5 Qe5 37. Qh2 Qxh2+ 38. Kxh2 Be5+ 39. Kg2 Rc8 40. bxa6 bxa6 41. Rcb1 Rff8 42. Rb6 1-0

[Event "28th Hit Open-A 2024"]
[Site "Nova Gorica"]
[Date "2024.01.27"]
[Round "2.21"]
[White "Debevec, Blaz"]
[Black "Pagano, Sergio"]
[Result "1-0"]
[ECO "B18"]
[WhiteElo "2077"]
[BlackElo "1821"]
[Annotator "NA RC"]
[PlyCount "79"]
[EventDate "2024.01.22"]
[EventType "swiss"]
[EventCountry "SLO"]
[SourceTitle "playchess.com"]
[Source "ChessBase"]
[SourceQuality "1"]
[TimeControl "5400+30"]

1. e4 c6 2. Nc3 d5 3. d4 dxe4 4. Nxe4 h6 5. Nf3 Bf5 6. Ng3 Bh7 7. Bd3 Bxd3 8. Qxd3 Nf6 9. Bd2 e6 10. O-O-O Nbd7 11. Rhe1 Qc7 12. Ne4 Be7 13. g3 O-O-O 14. Kb1 c5 15. Bf4 Qc6 16. Nxf6 Bxf6 17. d5 Qb6 18. Qb3 Qxb3 19. axb3 exd5 20. Rxd5 b6 21. Red1 g5 22. Be3 Ne5 23. Nxe5 Bxe5 24. c3 Bg7 25. Kc2 Rxd5 26. Rxd5 Rd8 27. Rf5 Rd7 28. f4 f6 29. h4 g4 30. c4 Kd8 31. b4 cxb4 32. c5 b3+ 33. Kc3 bxc5 34. Bxc5 Ke8 35. Bd4 Kf7 36. Ra5 Ke6 37. f5+ Kd6 38. Kxb3 Kc6 39. Kc4 h5 40. Ra6+ 1-0

[Event "28th Hit Open-A 2024"]
[Site "Nova Gorica"]
[Date "2024.01.27"]
[Round "2.22"]
[White "Novak, Rok"]
[Black "Markocic, Tine"]
[Result "0-1"]
[ECO "B41"]
[WhiteElo "1777"]
[BlackElo "2055"]
[Annotator "NA RC"]
[PlyCount "112"]
[EventDate "2024.01.22"]
[EventType "swiss"]
[EventCountry "SLO"]
[SourceTitle "playchess.com"]
[Source "ChessBase"]
[SourceQuality "1"]
[TimeControl "5400+30"]

1. e4 c5 2. Nf3 e6 3. d4 cxd4 4. Nxd4 a6 5. c4 Nf6 6. Nc3 Bb4 7. Qd3 d5 8. exd5 exd5 9. Be2 Nc6 10. Nxc6 bxc6 11. O-O Be6 12. Rd1 O-O 13. Bg5 Be7 14. cxd5 Nxd5 15. Bxe7 Qxe7 16. Bf3 Rfd8 17. a3 Nb6 18. Qe2 Nc4 19. Bxc6 Rxd1+ 20. Rxd1 Rb8 21. Nd5 Qh4 22. g3 Rxb2 23. Qxe6 fxe6 24. gxh4 Ne5 25. Nb4 Rb3 26. Rd6 Ng6 27. Rxe6 Rb1+ 28. Kg2 Nf4+ 29. Kg3 Nxe6 30. Bd5 Kf7 31. Nxa6 Rc1 32. a4 Kf6 33. Nb4 Rc3+ 34. f3 Ra3 35. Bc6 Nd4 36. Bd7 Nxf3 37. Kf4 Nxh4 38. Nd5+ Kf7 39. Ke5 Nf3+ 40. Kd6 Nxh2 41. Be6+ Kf8 42. Nb6 g5 43. Kc5 g4 44. Kb4 g3 45. Bd5 Ra2 46. a5 g2 47. Bxg2 Rxg2 48. a6 Rg7 49. Kb5 Nf3 50. Nd5 Rd7 51. Nf6 Rf7 52. Nxh7+ Rxh7 53. Kb6 Ne5 54. a7 Nc4+ 55. Ka6 Rh6+ 56. Kb7 Nb6 0-1

[Event "28th Hit Open-A 2024"]
[Site "Nova Gorica"]
[Date "2024.01.27"]
[Round "2.23"]
[White "Trybus, Daniel"]
[Black "Gricnik, Tine"]
[Result "0-1"]
[ECO "A03"]
[WhiteElo "2039"]
[BlackElo "1758"]
[Annotator "NA RC"]
[PlyCount "50"]
[EventDate "2024.01.22"]
[EventType "swiss"]
[EventCountry "SLO"]
[SourceTitle "playchess.com"]
[Source "ChessBase"]
[SourceQuality "1"]
[TimeControl "5400+30"]

1. g3 d5 2. Bg2 c6 3. f4 Nf6 4. Nf3 e6 5. O-O Bd6 6. b3 O-O 7. Bb2 Nbd7 8. Be5 Qc7 9. d4 Ne4 10. Nbd2 Nc3 11. Qe1 Nxe5 12. Nxe5 Ba3 13. Ndc4 Nxe2+ 14. Qxe2 dxc4 15. Nxc4 Be7 16. Rad1 b6 17. Ne5 Bb7 18. f5 exf5 19. Rxf5 Bd6 20. Rdf1 Rae8 21. Be4 Bxe5 22. dxe5 g6 23. R5f4 Qxe5 24. Qf3 f5 25. g4 Qd4+ 0-1

[Event "28th Hit Open-A 2024"]
[Site "Nova Gorica"]
[Date "2024.01.27"]
[Round "2.24"]
[White "Mazzi, Leonardo"]
[Black "Bazilius, Augustinas"]
[Result "1/2-1/2"]
[ECO "B47"]
[WhiteElo "1647"]
[BlackElo "2030"]
[Annotator "NA RC"]
[PlyCount "65"]
[EventDate "2024.01.22"]
[EventType "swiss"]
[EventCountry "SLO"]
[SourceTitle "playchess.com"]
[Source "ChessBase"]
[SourceQuality "1"]
[TimeControl "5400+30"]

1. e4 c5 2. Nf3 e6 3. d4 cxd4 4. Nxd4 Nc6 5. Nc3 Qc7 6. Ndb5 Qb8 7. Be3 a6 8. Nd4 Nf6 9. Bd3 Ne5 10. h3 b5 11. f4 Nxd3+ 12. cxd3 Bc5 13. Qf3 Qa7 14. Nce2 Bb7 15. Rc1 d6 16. O-O h5 17. Qg3 g6 18. Rxc5 Qxc5 19. Nxe6 Qc2 20. Bd4 Rg8 21. Bxf6 fxe6 22. Nd4 Qc5 23. Kh2 Kd7 24. Qh4 Rae8 25. Nb3 Qe3 26. Rf3 Qe2 27. Qg5 Ref8 28. Bc3 Qd1 29. Qh6 Rf7 30. Rg3 Qf1 31. Rf3 Qd1 32. Rg3 Qf1 33. Rf3 1/2-1/2

[Event "28th Hit Open-A 2024"]
[Site "Nova Gorica"]
[Date "2024.01.27"]
[Round "2.25"]
[White "Sebenik, Matej"]
[Black "Garsky, Vladyslav"]
[Result "1-0"]
[ECO "D37"]
[WhiteElo "2536"]
[BlackElo "2186"]
[Annotator "TA"]
[PlyCount "103"]
[EventDate "2024.01.22"]
[EventType "swiss"]
[EventCountry "SLO"]
[SourceTitle "playchess.com"]
[Source "ChessBase"]
[SourceQuality "1"]
[TimeControl "5400+30"]

1. c4 e6 2. Nf3 d5 3. d4 Nf6 4. Nc3 a6 5. cxd5 exd5 6. Bg5 {[%emt 0:00:13] D37: Damengambit (5.Lf4).} Be6 7. e3 Nbd7 8. Bd3 Bd6 9. O-O c6 10. Bf4 Qb8 11. Bxd6 Qxd6 12. h3 O-O 13. Qc2 Rfe8 14. a3 g6 15. Rad1 $146 ({Predecessor:} 15. Rfc1 Nh5 16. Na4 Ng7 17. b4 Bf5 18. Nc5 Qc7 19. Rab1 Nb6 20. Nd2 Nc8 21. a4 {1-0 Unuk,L (2346)-Moroni,L (2562) Bassano del Grappa op 11 2020 (3)}) 15... Rac8 16. Rfe1 Nb6 17. Qb1 Rcd8 18. Ng5 Qf8 19. f4 (19. Qc2 $11) 19... Qh6 20. Qc2 Nc8 21. g4 Qg7 22. Qg2 Nd6 23. Nf3 Nd7 24. Qg3 f5 25. g5 Ne4 26. Qg2 Qe7 27. Ne2 a5 28. h4 b5 29. h5 Kg7 (29... b4 $14) 30. Qh2 $16 Rh8 31. Qh4 a4 32. Rc1 Rc8 33. Rc2 Nb6 34. Ne5 Nc4 35. Bxc4 dxc4 {[%emt 0:00:40] [#]} 36. d5 (36. Ng3 $1 $16 ) 36... Bxd5 $11 37. Nd4 Qb7 38. Rd1 (38. h6+ Kf8 39. Ne2 Ke7 $15) 38... Rce8 39. Rh2 Nc5 $2 {[%emt 0:00:35] [#]} (39... c5 40. Nxb5 h6 41. hxg6 $18 (41. Nxg6 Qxb5 42. Rxd5 c3 $11)) (39... Qa6 $11) 40. Qe1 $2 (40. hxg6 $2 hxg6 41. Qe1 Rxh2 42. Kxh2 Rh8+ 43. Kg3 Ne4+ 44. Kg2 Nxg5+ 45. Ndf3 Nxf3 46. Nxf3 Bxf3+ 47. Kxf3 Kf7 $19) (40. Ndxc6 $1 $18 Nd3 (40... Bxc6 $2 41. Rd6 $18) 41. Nb4) 40... Rxe5 $2 (40... Ne4 $1 $11 {und Schwarz muss sich keine Sorgen machen.}) 41. fxe5 $18 Qe7 {[%emt 0:00:13] [#]} 42. Qg3 $2 (42. Qh4 $1 $18 {hxg6 ist eine echte Drohung.} Qxe5 43. hxg6 Kxg6 (43... Qxe3+ $2 {verliert.} 44. Kf1 $18) 44. Nxc6 (44. Qh6+ Kf7 $16) 44... Qxe3+ 45. Rf2 Bxc6 46. Qh6+ Kf7 47. Qf6+ (47. Qxc6 Re8 $11) (47. g6+ $2 hxg6 48. Qxh8 Nd3 $19) 47... Kg8 48. Rd8+ (48. Qxc6 Nd3 $18) 48... Be8 49. Qxf5) 42... Ne4 $11 43. Qf4 Qxg5+ 44. Qxg5 Nxg5 45. hxg6 Kxg6 46. Rf1 (46. Kf2 $5) 46... c5 $2 (46... Be4 $11 {und Schwarz steht sicher.}) 47. Nxf5 $18 Nf3+ (47... Kf7 {kämpft weiter.}) 48. Rxf3 $1 $18 Bxf3 49. Nh4+ Kg5 50. Nxf3+ Kg4 (50... Kf5 {ist eine bessere Verteidigung.} 51. Rh4 h5) 51. Kf2 $18 b4 (51... Kf5 $18 52. Rh5+ (52. Rh4 h5 $18) 52... Kg6) 52. Rh4+ $2 (52. e4 {setzt Matt} Rf8 53. Rh4#) 1-0

[Event "28th Hit Open-A 2024"]
[Site "Nova Gorica"]
[Date "2024.01.27"]
[Round "2.26"]
[White "Cvitan, Ognjen"]
[Black "Herega, Nejc"]
[Result "1/2-1/2"]
[ECO "E19"]
[WhiteElo "2422"]
[BlackElo "2257"]
[Annotator "RC"]
[PlyCount "35"]
[EventDate "2024.01.22"]
[EventType "swiss"]
[EventCountry "SLO"]
[SourceTitle "playchess.com"]
[Source "ChessBase"]
[SourceQuality "1"]
[TimeControl "5400+30"]

1. c4 Nf6 2. Nf3 e6 3. g3 b6 4. Bg2 Bb7 5. O-O Be7 6. d4 O-O 7. Nc3 Ne4 8. Qc2 Nxc3 9. Qxc3 Be4 10. Rd1 Bf6 11. Bf4 c6 12. Bd6 Be7 13. Qa3 Bxd6 14. Qxd6 Na6 15. Ne5 Bxg2 16. Kxg2 f6 17. Nd3 Qc7 18. Qxc7 1/2-1/2

[Event "28th Hit Open-A 2024"]
[Site "Nova Gorica"]
[Date "2024.01.27"]
[Round "2.27"]
[White "Szegedy, Matyas"]
[Black "Fercec, Nenad"]
[Result "0-1"]
[ECO "B51"]
[WhiteElo "2129"]
[BlackElo "2410"]
[Annotator "RC"]
[PlyCount "86"]
[EventDate "2024.01.22"]
[EventType "swiss"]
[EventCountry "SLO"]
[SourceTitle "playchess.com"]
[Source "ChessBase"]
[SourceQuality "1"]
[TimeControl "5400+30"]

1. e4 c5 2. Nf3 d6 3. Bb5+ Nd7 4. O-O a6 5. Bd3 Ngf6 6. c3 g6 7. Bc2 Bg7 8. d4 cxd4 9. cxd4 O-O 10. a4 e5 11. Nc3 Re8 12. d5 a5 13. Nd2 Nc5 14. Nc4 b6 15. Re1 Ba6 16. Na3 Nh5 17. Nab5 Bc8 18. Ne2 Rf8 19. Ng3 Nf4 20. Qf3 Ba6 21. Rb1 Bxb5 22. axb5 Qd7 23. Bxf4 exf4 24. Qxf4 Be5 25. Qd2 Qxb5 26. b4 axb4 27. Rxb4 Qa5 28. Reb1 Na6 29. Rd4 Bxd4 30. Qxd4 Qc5 31. Qd2 Rfc8 32. Ba4 Qc3 33. Qd1 Nc5 34. Bc6 Ra2 35. Qg4 Rc7 36. Rf1 Ra1 37. h4 Rxf1+ 38. Nxf1 Qe5 39. Ng3 h5 40. Qf3 Re7 41. Qa3 Nxe4 42. Nxe4 Qxe4 43. g3 Qd4 0-1

[Event "28th Hit Open-A 2024"]
[Site "Nova Gorica"]
[Date "2024.01.27"]
[Round "2.28"]
[White "Ceschia, Ivano"]
[Black "Gaal, Zsoka"]
[Result "1-0"]
[ECO "B12"]
[WhiteElo "2183"]
[BlackElo "2341"]
[Annotator "RC"]
[PlyCount "44"]
[EventDate "2024.01.22"]
[EventType "swiss"]
[EventCountry "SLO"]
[SourceTitle "playchess.com"]
[Source "ChessBase"]
[SourceQuality "1"]
[TimeControl "5400+30"]

1. e4 c6 2. d4 d5 3. e5 Bf5 4. h4 a6 5. h5 c5 6. g4 Bd7 7. c3 Nc6 8. Bh3 f6 9. f4 Nh6 10. exf6 exf6 11. f5 Qc7 12. Ne2 O-O-O 13. O-O Bd6 14. Nf4 Ne7 15. Na3 Nf7 16. Bg2 Ng5 17. c4 g6 18. cxd5 gxf5 19. Nc4 cxd4 20. Nxd6+ Qxd6 21. Qxd4 Bb5 22. Rf2 fxg4 1-0

[Event "28th Hit Open-A 2024"]
[Site "Nova Gorica"]
[Date "2024.01.27"]
[Round "2.29"]
[White "Jalovec, Igor"]
[Black "Cziko, Eduard-Carol"]
[Result "1-0"]
[ECO "B22"]
[WhiteElo "1703"]
[BlackElo "1946"]
[Annotator "TA"]
[PlyCount "31"]
[EventDate "2024.01.22"]
[EventType "swiss"]
[EventCountry "SLO"]
[SourceTitle "playchess.com"]
[Source "ChessBase"]
[SourceQuality "1"]
[TimeControl "5400+30"]

1. e4 c5 2. c3 d5 3. exd5 Qxd5 4. d4 Nf6 5. Nf3 e6 6. Be2 cxd4 7. Qxd4 Nc6 8. Qa4 (8. Qxd5 {simplifies} Nxd5 9. O-O Bc5 10. a3) 8... Bc5 9. b4 {[%emt 0:08:20][%cal Bb2b4,Bb4b5][%mdl 32] The position is equal.} Be7 10. O-O Qd6 (10... O-O $11 {keeps the balance.}) 11. b5 {[%emt 0:05:22] White is more active.} Ne5 (11... Nb8 $14) 12. Nd4 (12. Ba3 $16 Nxf3+ 13. Bxf3) 12... O-O $11 13. Ba3 Qc7 14. b6 axb6 {[%emt 0:00:02][%mdl 8192] [#]} (14... Qd8 $15 {stays ahead.}) 15. Qxa8 $18 Bd7 16. Qa7 {[%emt 0:00:51] Weighted Error Value: White=0.38/Black=0.59.  Loses game:     	---       	Black=1      Mistake:       	White=1     	Black=2      Inaccurate:     	White=2     	---        OK:         	White=2     	Black=3      Best:        	White=2     	---} 1-0

[Event "28th Hit Open-A 2024"]
[Site "Nova Gorica"]
[Date "2024.01.27"]
[Round "2.30"]
[White "Vicic, Mark"]
[Black "Hozjan, Erik"]
[Result "0-1"]
[ECO "A06"]
[WhiteElo "1729"]
[BlackElo "1897"]
[Annotator "NA RC COMBH"]
[PlyCount "80"]
[EventDate "2024.01.22"]
[EventType "swiss"]
[EventCountry "SLO"]
[SourceTitle "playchess.com"]
[Source "ChessBase"]
[SourceQuality "1"]
[TimeControl "5400+30"]

1. b3 c5 2. Bb2 Nc6 3. e3 d5 4. Bb5 Bd7 5. Nf3 Nf6 6. O-O Qc7 7. c4 a6 8. Bxc6 Bxc6 9. Ne5 e6 10. d3 Bd6 11. f4 Nd7 12. Nxc6 Qxc6 13. Qg4 O-O-O 14. Nd2 f5 15. Qf3 Rhg8 16. Rac1 g5 17. b4 gxf4 18. exf4 d4 19. b5 Qxf3 20. Rxf3 Rg4 21. g3 Rdg8 22. Rcf1 e5 23. fxe5 Nxe5 24. Rxf5 Nxd3 25. bxa6 bxa6 26. Ba3 Re8 27. Rf6 Kc7 28. Nb3 Re2 29. Rf7+ Kc6 30. Na5+ Kb6 31. R1f6 Kxa5 32. Rxd6 Rxa2 33. Ra7 Nb4 34. Bxb4+ Kxb4 35. Raxa6 Rxa6 36. Rxa6 Kxc4 37. Kf2 Re4 38. Kf3 Re7 39. Rd6 d3 40. h4 Kc3 0-1

[Event "28th Hit Open-A 2024"]
[Site "Nova Gorica"]
[Date "2024.01.27"]
[Round "2.31"]
[White "Kekic, Urban"]
[Black "Trybus, Dominika"]
[Result "0-1"]
[ECO "A26"]
[WhiteElo "1885"]
[BlackElo "1530"]
[Annotator "NA RC COMBH"]
[PlyCount "98"]
[EventDate "2024.01.22"]
[EventType "swiss"]
[EventCountry "SLO"]
[SourceTitle "playchess.com"]
[Source "ChessBase"]
[SourceQuality "1"]
[TimeControl "5400+30"]

1. c4 Nf6 2. Nf3 g6 3. g3 Bg7 4. Bg2 O-O 5. O-O d6 6. Nc3 e5 7. d3 Nc6 8. Rb1 a5 9. a3 Be6 10. b4 axb4 11. axb4 Qc8 12. Re1 e4 13. Ng5 exd3 14. exd3 Bf5 15. Nf3 Re8 16. Rxe8+ Qxe8 17. b5 Nd8 18. Bg5 c6 19. Qd2 Qd7 20. bxc6 bxc6 21. Nd4 Bh3 22. Nf3 Bxg2 23. Kxg2 Ne6 24. Be3 Ng4 25. Nd1 Ne5 26. Qe2 Nxf3 27. Qxf3 d5 28. Kg1 dxc4 29. dxc4 Rd8 30. Rc1 c5 31. Nc3 Qd3 32. Nd5 Nd4 33. Qd1 Ne2+ 34. Kg2 Nxc1 35. Qxc1 Ra8 36. Bxc5 Qe4+ 37. Kh3 Qf5+ 38. Kg2 Qe4+ 39. Kh3 h5 40. Be3 Ra1 41. Qd2 Qg4+ 42. Kg2 Qxc4 43. Ne7+ Kh7 44. Qd8 f5 45. Qd6 Qf1+ 46. Kf3 Qh1+ 47. Ke2 Re1+ 48. Kd3 Rd1+ 49. Bd2 Qe4# 0-1

[Event "28th Hit Open-A 2024"]
[Site "Nova Gorica"]
[Date "2024.01.27"]
[Round "2.32"]
[White "Zlatanovic, Srdjan"]
[Black "Racnik, Tone"]
[Result "1-0"]
[ECO "D03"]
[WhiteElo "1675"]
[BlackElo "1849"]
[Annotator "NA RC COMBH"]
[PlyCount "64"]
[EventDate "2024.01.22"]
[EventType "swiss"]
[EventCountry "SLO"]
[SourceTitle "playchess.com"]
[Source "ChessBase"]
[SourceQuality "1"]
[TimeControl "5400+30"]

1. d4 Nf6 2. Nf3 d5 3. Bg5 h6 4. Bh4 Bf5 5. e3 c5 6. Bd3 Bxd3 7. cxd3 Nc6 8. Qa4 Qb6 9. Nbd2 g5 10. Bg3 g4 11. dxc5 Qb4 12. Qxb4 Nxb4 13. Nd4 Nxd3+ 14. Ke2 Nxc5 15. Nb5 Ne6 16. Rac1 Bg7 17. Nc7+ Nxc7 18. Rxc7 b6 19. Rhc1 Nh5 20. Bh4 Nf6 21. Rb7 e6 22. Rcc7 O-O 23. Rxa7 Ne4 24. Nxe4 Rxa7 25. Rxa7 dxe4 26. b3 Rc8 27. Rd7 Bc3 28. Rd8+ Rxd8 29. Bxd8 b5 30. a4 bxa4 31. bxa4 Kf8 32. a5 Ke8 1-0

[Event "28th Hit Open-A 2024"]
[Site "Nova Gorica"]
[Date "2024.01.27"]
[Round "2.33"]
[White "Rigatti, Giorgio"]
[Black "Deschi, Leonardo Simone"]
[Result "1-0"]
[ECO "C42"]
[WhiteElo "1749"]
[BlackElo "1639"]
[Annotator "NA RC COMBH"]
[PlyCount "73"]
[EventDate "2024.01.22"]
[EventType "swiss"]
[EventCountry "SLO"]
[SourceTitle "playchess.com"]
[Source "ChessBase"]
[SourceQuality "1"]
[TimeControl "5400+30"]

1. e4 e5 2. Nf3 Nf6 3. Nxe5 d6 4. Nf3 Nxe4 5. d4 d5 6. Bd3 Be7 7. O-O O-O 8. c4 Nf6 9. Nc3 dxc4 10. Bxc4 Bg4 11. Re1 Nbd7 12. Bg5 Nb6 13. Bb3 c6 14. Qe2 Re8 15. Rad1 Nfd5 16. Be3 Bf6 17. h3 Nf4 18. Qf1 Nxh3+ 19. Kh1 Bxf3 20. gxf3 Ng5 21. Qg2 h6 22. Rg1 Qe7 23. Ne2 Nd5 24. Bxd5 cxd5 25. Nf4 Qd7 26. Nh5 Qe6 27. f4 Qf5 28. fxg5 Bd8 29. Qg4 Qc2 30. Nf6+ Bxf6 31. gxf6 g6 32. Rc1 Qxb2 33. Qh5 Re6 34. Rxg6+ Kf8 35. Bxh6+ Ke8 36. Rg8+ Kd7 37. Qxd5+ 1-0

[Event "28th Hit Open-A 2024"]
[Site "Nova Gorica"]
[Date "2024.01.27"]
[Round "2.34"]
[White "Beber, Anja"]
[Black "Barbir, Petar"]
[Result "0-1"]
[ECO "D00"]
[WhiteElo "1606"]
[BlackElo "1738"]
[Annotator "NA RC COMBH"]
[PlyCount "84"]
[EventDate "2024.01.22"]
[EventType "swiss"]
[EventCountry "SLO"]
[SourceTitle "playchess.com"]
[Source "ChessBase"]
[SourceQuality "1"]
[TimeControl "5400+30"]

1. d4 Nf6 2. Nf3 g6 3. Nc3 d5 4. Bf4 Bg7 5. e3 O-O 6. Be2 h6 7. Ne5 c6 8. h4 Nbd7 9. g4 Nxe5 10. Bxe5 Ne4 11. Bxg7 Nxc3 12. bxc3 Kxg7 13. f4 Qc7 14. Bf3 f6 15. Qe2 e5 16. Qh2 Qa5 17. Qd2 exf4 18. exf4 Re8+ 19. Kf2 Bd7 20. Rh2 Rad8 21. f5 c5 22. fxg6 cxd4 23. g5 dxc3 24. gxf6+ Kxf6 25. Qf4+ Bf5 26. Qxh6 Qc5+ 27. Kg2 Qe3 28. Qg5+ Qxg5+ 29. hxg5+ Kxg5 30. Rg1 Bxg6 31. Kf2+ Kf5 32. Rhg2 Bf7 33. Rg7 Kf6 34. Rh7 Rh8 35. Rhh1 Rxh1 36. Bxh1 b5 37. Rg3 d4 38. Rf3+ Ke7 39. Rf5 Bc4 40. Be4 Rf8 41. a3 Rxf5+ 42. Bxf5 Kd6 0-1

[Event "28th Hit Open-A 2024"]
[Site "Nova Gorica"]
[Date "2024.01.27"]
[Round "2.35"]
[White "Plaskan, Jure"]
[Black "Kejzar, Petra"]
[Result "1-0"]
[ECO "B32"]
[WhiteElo "2262"]
[BlackElo "2025"]
[Annotator "NA RC"]
[PlyCount "117"]
[EventDate "2024.01.22"]
[EventType "swiss"]
[EventCountry "SLO"]
[SourceTitle "playchess.com"]
[Source "ChessBase"]
[SourceQuality "1"]
[TimeControl "5400+30"]

1. e4 c5 2. Nf3 Nc6 3. d4 cxd4 4. Nxd4 e5 5. Nb5 d6 6. N1c3 a6 7. Na3 Be7 8. Nc4 b5 9. Ne3 Nf6 10. Bd3 O-O 11. O-O Nb4 12. a4 Bb7 13. axb5 axb5 14. Rxa8 Bxa8 15. Bxb5 Nxe4 16. Nxe4 Bxe4 17. c3 Qb6 18. Bc4 Nc6 19. Qg4 Bg6 20. h4 Kh8 21. h5 Bb1 22. h6 g6 23. Nd5 Qd8 24. Bb5 Bf5 25. Qe2 Nb8 26. f4 f6 27. Be3 Nd7 28. Ra1 Be6 29. Nb4 exf4 30. Nc6 Qe8 31. Bxf4 Qf7 32. Ra7 Bd8 33. Kh1 Bb6 34. Rb7 Ra8 35. Nd4 Bxd4 36. cxd4 g5 37. d5 Bf5 38. Bxd7 Bxd7 39. Bxd6 Qg6 40. Rb8+ Rxb8 41. Bxb8 Qxh6+ 42. Kg1 Qf8 43. Ba7 Qd6 44. Qe4 Kg7 45. Bd4 Bc8 46. b4 Bb7 47. Qf5 h6 48. b5 Bxd5 49. Bxf6+ Qxf6 50. Qxd5 Qb6+ 51. Kf1 Qf6+ 52. Ke2 Qb2+ 53. Ke3 Qc3+ 54. Ke4 Qe1+ 55. Kd4 Qf2+ 56. Kc4 Qc2+ 57. Kb4 Qb2+ 58. Kc5 Qf2+ 59. Qd4+ 1-0